 Dungeon Sprint DCSS version 0.31-a0-986-g5e6e4ef867 (webtiles) character file.

Game seed: 13218956605863995900

2 rocky1 the Changeling (level 1, 0/15 HPs)
             Began as a Merfolk Shapeshifter on Nov 24, 2023.
             Killed by nerve-wracking pain
             ... invoked by Jessica
              (12 damage)
             ... in the Dungeon (Sprint III: "The Ten Rune Challenge").
             The game lasted 00:00:06 (28 turns).

rocky1 the Changeling (Merfolk Shapeshifter)          Turns: 28, Time: 00:00:07

Health: 0/15       AC:  2    Str: 14    XL:     1   Next: 40%
Magic:  1/1        EV: 12    Int:  9    God:
Gold:   0          SH:  0    Dex: 13    Spells: 0/0 levels left

rFire   . .          .
                       - Unarmed
rCold   . . .        (no shield)
rNeg    . . .        a - +0 animal skin
rPois   .            (helmet currently unavailable)
rElec   .            (cloak currently unavailable)
rCorr   .            (gloves currently unavailable)
SInv    .            (boots currently unavailable)
Will    .....        (no amulet)
Stlth   +            (no ring)
HPRegen 0.22/turn    (no ring)
MPRegen 0.07/turn

%: no teleportation
@: beast-form
A: beast (slay +2), (nimble swimmer 2), mertail
a: Begin Untransformation


You were in the Dungeon.
You were a hulking beast.
You visited 1 branch

Inventory:

Armour
 a - a +0 animal skin (worn)
Talismans
 c - a beast talisman
 d - a flux talisman
Scrolls
 j - a scroll of blinking
 k - a scroll of identify {unknown}
Potions
 b - a potion of lignification
 e - a potion of curing
 f - a potion of heal wounds
 g - a potion of haste
 h - 2 potions of magic
 i - a potion of berserk rage


   Skills:
 + Level 1.1 Fighting
 + Level 2.8 Dodging
 + Level 4.0 Unarmed Combat
 + Level 4.6 Shapeshifting


You couldn't memorise any spells.
You didn't know any spells.
Your spell library was empty.

Dungeon Overview and Level Annotations

Branches:
Dungeon (1/1)

Altars:

Annotations:
D Jessica


Innate Abilities, Weirdness & Mutations

You are a hulking beast.
Your limbs bulge with bestial killing power. (Slay +2)
((You are very nimble when in or above water. (Stealth+, EV+, Speed+++)))
Your lower body shifts to a powerful aquatic tail in water.


Message History

Found a scroll labelled OSEGEC KOUROK.
A rat comes into view.
There is an open door here.
The endoplasm quivers.
The endoplasm freezes you.
You are frozen.
You hit the endoplasm.
You kill the endoplasm!
The rat closely misses you.
You barely miss the rat. The rat barely misses you.
You hit the rat.
You kill the rat!
No target in view!
HP restored.
k - a scroll labelled OSEGEC KOUROK As you open the door, it creaks loudly!
A rat comes into view.
You hear a shout!
Jessica the Apprentice Sorceress comes into view.
She is wielding a +0 club.
Found 15 gold pieces.
Jessica shouts!
The rat closely misses you.
Jessica casts a spell.
Jessica blinks!
There is an open door here.
You hit the rat.
The rat is heavily wounded.
The rat barely misses you.
Jessica gestures wildly while chanting.
Jessica blinks!
You punch the rat!
You kill the rat!
Your Unarmed Combat skill increases to level 4!
Jessica hits you with a +0 club.
You closely miss Jessica. Jessica barely misses you.
You hit Jessica but do no damage.
Jessica points at you and mumbles some strange words.
Pain shoots through your body!
Ouch! That really hurt!
You die...

▓▓▓▓
▓<.#
▓..#
▓#'####
▓...†.#
▓.....#
▓.....#
▓####'#
▓$..h.#
▓..@..#
▓.....#
▓+#####


You could see Jessica.

Vanquished Creatures
  An endoplasm (D)
  2 rats (D)
3 creatures vanquished.

Notes
Turn   | Place    | Note
-------+----------+-------------------------------------------
     0 | D        | rocky1 the Merfolk Shapeshifter began the quest for the
                  | Orb.
     0 | D        | Reached XP level 1. HP: 15/15 MP: 1/1
    23 | D        | Noticed Jessica
    28 | D        | Killed from afar by Jessica

Illustrated notes

Levels and vault maps discovered:
D:        dungeon_sprint_mu [sprint_mu_entry_forest, sprint_mu_temple_rooms,
          sprint_mu_d1_spiders, sprint_mu_d2_genie, sprint_mu_d3_branching,
          sprint_mu_orc_legion, sprint_mu_elf_gauntlet, sprint_mu_hive_nellie,
          sprint_mu_lair_fedhas, sprint_mu_vaults_butterflies,
          sprint_mu_slime_circle, sprint_mu_shoals_kraken,
          sprint_mu_snake_twists, sprint_mu_blade_basic,
          sprint_mu_crypt_fortress, sprint_mu_tomb_spiral,
          sprint_mu_vestibule_basic, sprint_mu_gehenna_hellfire,
          sprint_mu_dis_giant, sprint_mu_tartarus_statrot,
          sprint_mu_cocytus_islands, sprint_mu_zot1]

Skill      XL: |  1 |
---------------+----+-----
Unarmed Combat | 4 |  4.0
Fighting       | |  1.1
Dodging        | |  2.8
Shapeshifting  | |  4.6

Action                     || total
---------------------------++-------
  Melee: Unarmed           ||     7
 Armour: Animal skin       ||     1
  Dodge: Dodged            ||     5

Table legend: (Time is in decaauts)
 A = Elapsed time spent in this place.
 B = Non-inter-level travel time spent in this place.
 C = Inter-level travel time spent in this place.
 D = Time resting spent in this place.
 E = Time spent auto-exploring this place.
 F = Levels seen in this place.
 G = Mean time per level.
                   A        B        C        D        E       F      G
               +--------+--------+--------+--------+--------+-----+--------+
         Total |     27 |     27 |      0 |      0 |     14 |   1 |   27.0 |
       Dungeon |     27 |     27 |      0 |      0 |     14 |   1 |   27.0 |
               +--------+--------+--------+--------+--------+-----+--------+

Top non-repeatable levels by time:
       D: 27 daAuts
